 Dungeon Crawl Stone Soup version 0.29-a0-563-g64e4043184 (webtiles) character file.

Game seed: 16315588001898094603

67 DocClef the Covert (level 4, -12/41 HPs)
             Began as a Gnoll Delver on June 11, 2022.
             Mangled by an ice beast (14 damage)
             ... on level 6 of the Dungeon.
             The game lasted 00:00:19 (159 turns).

DocClef the Covert (Gnoll Delver)                    Turns: 159, Time: 00:00:20

Health: -12/41     AC:  3    Str: 12    XL:     4   Next: 16%
Magic:  5/5        EV: 13    Int:  9    God:
Gold:   0          SH:  0    Dex: 15    Spells: 5/5 levels left

rFire   . . .      SeeInvis .   a - +0 short sword
rCold   . . .      Faith    .   (no shield)
rNeg    . . .      Spirit   .   b - +0 leather armour
rPois   .          Reflect  .   (no helmet)
rElec   .          Harm     .   (no cloak)
rCorr   .          Rampage  .   (no gloves)
Will    .....                   (no boots)
Stlth   ++++......              (no amulet)
HPRegen 0.13/turn               (no ring)
MPRegen 0.09/turn               (no ring)

@: no status effects
A: fangs 1, strong nose, distributed training
a: no special abilities


You were on level 6 of the Dungeon.
You visited 1 branch of the dungeon, and saw 2 of its levels.

Inventory:

Hand Weapons
 a - a +0 short sword (weapon)
Armour
 b - a +0 leather armour (worn)
Jewellery
 i - an amulet of reflection
Wands
 g - a wand of digging (3)
Scrolls
 c - a scroll of fog
 d - a scroll of magic mapping
 e - a scroll of fear
Potions
 f - a potion of haste
 h - a potion of berserk rage {unknown}


   Skills:
 + Level 6.6 Fighting
 + Level 4.6 Short Blades
 + Level 1.0 Long Blades
 + Level 1.0 Axes
 + Level 1.0 Maces & Flails
 + Level 1.0 Polearms
 + Level 1.0 Staves
 + Level 1.0 Slings
 + Level 1.0 Bows
 + Level 1.0 Crossbows
 + Level 1.0 Throwing
 + Level 1.0 Armour
 + Level 4.6 Dodging
 + Level 9.6 Stealth
 + Level 1.0 Shields
 + Level 1.0 Unarmed Combat
 + Level 1.0 Spellcasting
 + Level 0.8 Conjurations
 + Level 0.8 Hexes
 + Level 0.8 Summonings
 + Level 0.8 Necromancy
 + Level 0.8 Translocations
 + Level 0.8 Transmutations
 + Level 0.8 Fire Magic
 + Level 0.8 Ice Magic
 + Level 0.8 Air Magic
 + Level 0.8 Earth Magic
 + Level 0.8 Poison Magic
 + Level 1.1 Invocations
 + Level 1.0 Evocations


You had 5 spell levels left.
You didn't know any spells.
Your spell library was empty.

Dungeon Overview and Level Annotations

Branches:
Dungeon (6/15)
 Temple: D:4-7

Altars:


Innate Abilities, Weirdness & Mutations

You have very sharp teeth.
Your uncanny sense of smell can sniff out nearby items.
Your experience applies equally to all skills.


Message History

The ice beast hits you. The ice beast freezes you!
You hit the ice beast but do no damage.
The ice beast is lightly wounded.
The ice beast misses you.
You hit the ice beast but do no damage.
The ice beast is lightly wounded.
The ice beast hits you. The ice beast freezes you!
You closely miss the ice beast.
The ice beast is lightly wounded.
The ice beast misses you.
You barely miss the ice beast.
The ice beast is lightly wounded.
Unknown command.
You hit the ice beast but do no damage.
The ice beast is lightly wounded.
The ice beast closely misses you.
You barely miss the ice beast.
The ice beast is lightly wounded.
The ice beast closely misses you.
You hit the ice beast. Your bite misses the ice beast.
The ice beast is lightly wounded.
The ice beast hits you but does no damage.
You closely miss the ice beast.
The ice beast is lightly wounded.
The ice beast closely misses you.
Unknown command.
You hit the ice beast but do no damage.
You bite the ice beast, but do no damage.
The ice beast is lightly wounded.
The ice beast hits you. The ice beast freezes you!
* * * LOW HITPOINT WARNING * * *
You hit the ice beast.
The ice beast is moderately wounded.
The ice beast hits you but does no damage.
You hit the ice beast.
The ice beast is moderately wounded.
The ice beast hits you.
* * * LOW HITPOINT WARNING * * *
The ice beast freezes you!
You die...

##### #...#
#...#
#######...+∆
.!....'...#
#...# #...#
#Y### #@#
#.# #.# #.#
#.# ∆ #.#
#.# #.# #.#


You could see an ice beast.

Vanquished Creatures
  A bullfrog (D:6)
1 creature vanquished.

Notes
Turn   | Place    | Note
-------+----------+-------------------------------------------
     0 | D:5      | Reached skill level 9 in Stealth
     0 | D:5      | DocClef the Gnoll Delver began the quest for the Orb.
     0 | D:5      | Reached XP level 1. HP: 23/23 MP: 1/1
    15 | D:5      | Identified the +1 short sword "Gnoll's Bane" {drain, *Noise
                  | rPois rF- Int+9}
    17 | D:5      | Noticed an orc wizard
    18 | D:5      | Noticed an orc wizard
    82 | D:6      | Noticed a bullfrog
    89 | D:6      | Killed a bullfrog
    90 | D:6      | Reached skill level 1 in Long Blades
    90 | D:6      | Reached skill level 1 in Axes
    90 | D:6      | Reached skill level 1 in Maces & Flails
    90 | D:6      | Reached skill level 1 in Polearms
    90 | D:6      | Reached skill level 1 in Staves
    90 | D:6      | Reached skill level 1 in Slings
    90 | D:6      | Reached skill level 1 in Bows
    90 | D:6      | Reached skill level 1 in Crossbows
    90 | D:6      | Reached skill level 1 in Throwing
    90 | D:6      | Reached skill level 1 in Armour
    90 | D:6      | Reached skill level 1 in Shields
    90 | D:6      | Reached skill level 1 in Unarmed Combat
    90 | D:6      | Reached skill level 1 in Spellcasting
    90 | D:6      | Reached skill level 1 in Invocations
    90 | D:6      | Reached skill level 1 in Evocations
    90 | D:6      | Reached XP level 2. HP: 29/29 MP: 1/3
    90 | D:6      | Reached XP level 3. HP: 35/35 MP: 1/4
    90 | D:6      | Reached XP level 4. HP: 41/41 MP: 1/5
   142 | D:6      | Noticed an ice beast
   159 | D:6      | HP: 2/41 [ice beast (1)]
   159 | D:6      | Mangled by an ice beast

Illustrated notes

Levels and vault maps discovered:
D:5:      layout_layer_cave
D:6:      layout_basic, uniq_maggie

Skill      XL: |  1 |
---------------+----+-----
Stealth        | |  9.6
Long Blades    | 1 |  1.0
Axes           | 1 |  1.0
Maces & Flails | 1 |  1.0
Polearms       | 1 |  1.0
Staves         | 1 |  1.0
Slings         | 1 |  1.0
Bows           | 1 |  1.0
Crossbows      | 1 |  1.0
Throwing       | 1 |  1.0
Armour         | 1 |  1.0
Shields        | 1 |  1.0
Unarmed Combat | 1 |  1.0
Spellcasting   | 1 |  1.0
Invocations    | 1 |  1.1
Evocations     | 1 |  1.0
Fighting       | |  6.6
Short Blades   | |  4.6
Dodging        | |  4.6
Conjurations   | |  0.8
Hexes          | |  0.8
Summonings     | |  0.8
Necromancy     | |  0.8
Translocations | |  0.8
Transmutations | |  0.8
Fire Magic     | |  0.8
Ice Magic      | |  0.8
Air Magic      | |  0.8
Earth Magic    | |  0.8
Poison Magic   | |  0.8

Action                   |  1- 3 |  4- 6 || total
-------------------------+-------+-------++-------
Melee: Short sword       |     1 |    14 ||    15
       Bite              |       |     2 ||     2
 Stab: Sleeping          |     1 |       ||     1
Armor: Leather armour    |       |     3 ||     3
Dodge: Dodged            |       |     8 ||     8

Table legend: (Time is in decaauts)
 A = Elapsed time spent in this place.
 B = Non-inter-level travel time spent in this place.
 C = Inter-level travel time spent in this place.
 D = Time resting spent in this place.
 E = Time spent auto-exploring this place.
 F = Levels seen in this place.
 G = Mean time per level.
                   A        B        C        D        E       F      G
               +--------+--------+--------+--------+--------+-----+--------+
         Total |    156 |    156 |      0 |      0 |    113 |   2 |   78.0 |
       Dungeon |    156 |    156 |      0 |      0 |    113 |   2 |   78.0 |
               +--------+--------+--------+--------+--------+-----+--------+

Top non-repeatable levels by time:
     D:6: 127 daAuts
     D:5: 29 daAuts
